 Dungeon Crawl Stone Soup version 0.26.0-10-g1f06aea511 (webtiles) character file.

Game seed: 12336980332985169891

15 sanka the Magician (level 2, -1/20 HPs)
             Began as a Ghoul Hedge Wizard on Jan 17, 2021.
             Slain by a hobgoblin
             ... wielding a +0 club
              (8 damage)
             ... on level 1 of the Dungeon.
             The game lasted 00:01:14 (977 turns).

sanka the Magician (Ghoul Hedge Wizard)              Turns: 977, Time: 00:01:15

Health: -1/20      AC:  2    Str: 13    XL:     2   Next: 50%
Magic:  0/5        EV: 12    Int:  9    God:
Gold:   11         SH:  0    Dex:  8    Spells: 4/7 levels left

rFire    . . .     SeeInvis .   (no weapon)
rCold    + . .     Faith    .   (no shield)
rNeg     + + +     Spirit   .   b - +0 robe
rPois    ∞         Reflect  .   c - +0 hat
rElec    .         Harm     .   (no cloak)
rCorr    .         Rampage  .   (no gloves)
Will     .....                  (no boots)
Stlth    ++........             (no amulet)
HPRegen  0.00/turn              (no ring)
MPRegen  0.09/turn              (no ring)

@: very slightly contaminated
A: claws 1, cold resistance 1, negative energy resistance 3, inhibited
regeneration, torment resistance, unbreathing
a: no special abilities


You were on level 1 of the Dungeon.
You visited 1 branch of the dungeon, and saw 1 of its levels.

You collected 11 gold pieces.


Innate Abilities, Weirdness & Mutations

You thrive by killing the living.
You are immune to poison.
You have sharp fingernails.
Your flesh is cold resistant. (rC+)
You are immune to negative energy. (rN+++)
You do not regenerate when monsters are visible.
You are immune to unholy pain and torment.
You can survive without breathing.


   Skills:
 - Level 1.7 Dodging
 - Level 2.1 Stealth
 - Level 3.0 Spellcasting
 - Level 1.0 Conjurations
 + Level 1.6 Summonings
 - Level 0.8 Translocations


You had 4 spell levels left.
You knew the following spells:

 Your Spells              Type           Power        Failure   Level
x - Call Imp              Summ           4%           24%         2
z - Magic Dart            Conj           12%          21%         1

Your spell library contained the following spells:

 Spells                   Type           Power        Failure   Level
 Blink                    Tloc           N/A          32%         2
 Slow                     Hex            1%           41%         2
 Conjure Flame            Conj/Fire      2%           58%         3
 Mephitic Cloud           Conj/Pois/Air  1%           63%         3

Inventory:

Hand Weapons
 a - a +0 dagger
Armour
 b - a +0 robe (worn)
 c - a +0 hat (worn)
Scrolls
 d - a scroll of enchant armour {unknown}
 f - a scroll of teleportation {unknown}
Potions
 e - a potion of attraction {unknown}
 g - a potion of degeneration {unknown}

Dungeon Overview and Level Annotations

Branches:
Dungeon (1/15)

Altars:

...............▒▒▒▒▒▒....▒ ▒▒....
.(........▒▒▒▒▒▒▒........▒▒▒▒....
..........▒▒▒▒▒▒▒................
..........▒▒.............▒.......
..........▒▒.............▒.......
..........▒▒.............▒ ....
).........▒▒.............▒ ....
..........▒▒.....£.......▒ ▒▒▒
▒▒▒▒▒▒▒▒▒▒▒▒....n.....!..▒
▒....g........▒ ▒.............▒
▒...(.........▒ ▒.............▒
▒.?...........▒ ▒.............
▒▒▒▒▒▒▒▒▒▒▒▒▒


You could see a hobgoblin.


Message History

The magic dart hits the hobgoblin.
The hobgoblin is heavily wounded.
The bat misses you. The hobgoblin hits you with a +0 club.
* * * LOW HITPOINT WARNING * * *
Aiming: Magic Dart (safe; 21% risk of failure)
Aim: a bat (moderately wounded, 0% to evade)
The magic dart hits the bat.
You kill the bat!
The hobgoblin closely misses you.
Aiming: Magic Dart (safe; 21% risk of failure)
Aim: a hobgoblin, wielding a +0 club (heavily wounded, 0% to evade)
You miscast Magic Dart.
You are very lightly contaminated with residual magic.
Nothing appears to happen.
The hobgoblin closely misses you.
Aiming: Magic Dart (safe; 21% risk of failure)
Aim: a hobgoblin, wielding a +0 club (heavily wounded, 0% to evade)
The magic dart hits the hobgoblin.
The hobgoblin is almost dead.
You closely miss the hobgoblin.
The hobgoblin is almost dead.
The hobgoblin closely misses you.
You barely miss the hobgoblin.
The hobgoblin is almost dead.
The hobgoblin barely misses you.
You barely miss the hobgoblin.
The hobgoblin is almost dead.
The hobgoblin hits you with a +0 club!
You die...

Action                   || total
-------------------------++-------
Melee: Unarmed           ||    58
 Cast: Magic Dart        ||    19
Armor: Robe              ||    11
Dodge: Dodged            ||    52

Levels and vault maps discovered:
D:1:      sevenhm_arrival_forest_fort_small_5, layout_basic, minmay_domino_4

Notes
Turn   | Place    | Note
-------+----------+-------------------------------------------
     0 | D:1      | sanka the Ghoul Hedge Wizard began the quest for the Orb.
     0 | D:1      | Reached XP level 1. HP: 14/14 MP: 3/3
    77 | D:1      | Reached skill level 1 in Conjurations
   370 | D:1      | Reached skill level 3 in Spellcasting
   431 | D:1      | Reached skill level 1 in Summonings
   431 | D:1      | Reached XP level 2. HP: 15/20 MP: 1/5
   445 | D:1      | HP: 2/20 [jackal (2)]
   743 | D:1      | Learned a level 2 spell: Call Imp
   977 | D:1      | Slain by a hobgoblin

Vanquished Creatures
  A dart slug (D:1)
  A goblin (D:1)
  A hobgoblin (D:1)
  4 jackals (D:1)
  2 kobolds (D:1)
  2 bats (D:1)
11 creatures vanquished.

Table legend: (Time is in decaauts)
 A = Elapsed time spent in this place.
 B = Non-inter-level travel time spent in this place.
 C = Inter-level travel time spent in this place.
 D = Time resting spent in this place.
 E = Time spent auto-exploring this place.
 F = Levels seen in this place.
 G = Mean time per level.
                   A        B        C        D        E       F      G
               +--------+--------+--------+--------+--------+-----+--------+
         Total |    976 |    976 |      0 |    652 |    190 |   1 |  976.0 |
       Dungeon |    976 |    976 |      0 |    652 |    190 |   1 |  976.0 |
               +--------+--------+--------+--------+--------+-----+--------+

Top non-repeatable levels by time:
     D:1: 976 daAuts
